 Dungeon Sprint DCSS version 0.27.0-65-ge2af304b15 (webtiles) character file.

Game seed: 6129429630183126821

3573 ABBCCCDDDD the Cleaver (level 9, 0/94 HPs)
             Began as a Minotaur Berserker on Aug 18, 2021.
             Was a High Priest of Trog.
             Slain by a skeletal warrior (4 damage)
             ... in the Dungeon (Sprint II: "The Violet Keep of Menkaure").
             The game lasted 00:02:59 (561 turns).

ABBCCCDDDD the Cleaver (Minotaur Berserker)          Turns: 561, Time: 00:03:00

Health: 0/94       AC: 18    Str: 23    XL:     9   Next: 84%
Magic:  7/7        EV: 11    Int:  4    God:    Trog [*****.]
Gold:   122        SH:  0    Dex:  8    Spells: 8/8 levels left

rFire    . . .     SeeInvis .   a - +0 hand axe
rCold    . . .     Faith    .   (no shield)
rNeg     . . .     Spirit   .   j - +0 chain mail {Will+}
rPois    +         Reflect  .   i - +2 hat
rElec    .         Harm     .   k - +2 cloak {rPois}
rCorr    .         Rampage  .   (no gloves)
Will     +++..     NoTele   +   (no boots)
Stlth    ..........             (no amulet)
HPRegen  1.25/turn              (no ring)
MPRegen  0.10/turn              (no ring)

@: strong-willed, on berserk cooldown, regenerating, hasted and slowed
A: horns 2, retaliatory headbutt, clumsy 1, low mp 1, weak 1
a: Renounce Religion, Berserk, Trog's Hand, Brothers in Arms


You were in the Dungeon.
You worshipped Trog.
Trog was extremely pleased with you.
You visited 1 branch You collected 729 gold pieces.
You spent 607 gold pieces at shops.

Inventory:

Hand Weapons
 a - a +0 hand axe (weapon)
Armour
 b - a +0 animal skin
 i - a +2 hat (worn)
 j - a +0 chain mail of willpower (worn)
 k - a +2 cloak of poison resistance (worn)
Scrolls
 h - a scroll of blinking
Potions
 f - 2 potions of magic
 g - a potion of berserk rage


   Skills:
 + Level 13.7 Fighting
 + Level 13.7 Axes
 + Level 13.5 Armour
 + Level 12.5 Dodging


You had 8 spell levels left.
You didn't know any spells.
Your spell library was empty.

Dungeon Overview and Level Annotations

Branches:
Dungeon (1/1)

Altars:

Shops:
D [::=(!!(!(:?[(=

Annotations:
D exclusion: oklob plant, Roxanne


Innate Abilities, Weirdness & Mutations

You have a pair of horns on your head.
You reflexively headbutt those who attack you in melee.
You are clumsy. (Dex -2)
Your magical capacity is low. (-10% MP)
You are weak. (Str -2)


Message History

The skeletal warrior is heavily damaged.
You hit the skeletal warrior but do no damage.
Your headbutt misses the skeletal warrior.
The skeletal warrior is heavily damaged.
The skeletal warrior hits you with a +0 war axe!
* * * LOW HITPOINT WARNING * * *
You hit the skeletal warrior but do no damage.
Your headbutt misses the skeletal warrior.
The skeletal warrior is heavily damaged.
You slash the skeletal warrior!
You headbutt the skeletal warrior, but do no damage.
The skeletal warrior is severely damaged.
You are no longer berserk.
You are exhausted.
You feel yourself slow down.
You feel much better.
The skeletal warrior closely misses you.
The skeletal warrior hits you with a +0 war axe!!
* * * LOW HITPOINT WARNING * * *
You feel yourself speed up.
The skeletal warrior hits you but does no damage.
You hit the skeletal warrior.
The skeletal warrior is severely damaged.
The skeletal warrior hits you with a +0 war axe!
* * * LOW HITPOINT WARNING * * *
There is an open door, spattered with blood here.
You feel the effects of Trog's Hand fading.
You feel better.
The skeletal warrior hits you with a +0 war axe.
* * * LOW HITPOINT WARNING * * *
You barely miss the skeletal warrior. You headbutt the skeletal warrior.
The skeletal warrior is severely damaged.
The skeletal warrior hits you with a +0 war axe!
* * * LOW HITPOINT WARNING * * *
You hit the skeletal warrior but do no damage.
The skeletal warrior is severely damaged.
Your skin crawls.
You feel strong-willed.
The skeletal warrior hits you with a +0 war axe.
You die...

cc.≈## §..≈
#####≈@#+++#+++##
####≈≈z.........#
...#≈≈≈≈.##'##..#
...#≈≈≈≈##...## #
...#≈≈≈≈#..#..#
∩..#≈≈####.#.####
.⌠.#≈##. ##'###.##
∩..#≈#..B##.###z@#
...'≈+ #+.<)'c##+
...#≈#..B##.###..#
▓###≈##. ##'# #.##
####≈≈####.######
h ##†≈≈#.##..# $#
#'#≈##...##
##≈##(#≈≈##+##
#§§≈### ≈≈≈≈≈≈


You could see a yaktaur captain and a skeletal warrior.

Levels and vault maps discovered:
D:        the_violet_keep_of_menkaure [sprint2_stairs_cluster_1,
          sprint2_shoproom, sprint2_temple, sprint2_basic_supplies,
          sprint2_obstacle_3, sprint2_obstacle_1, sprint2_obstacle_6,
          sprint2_obstacle_7, sprint2_obstacle_5, sprint2_timed_cluster_1,
          sprint2_smallroom_cluster_1, sprint2_smallroom_final_cluster_1,
          sprint2_transparent_cluster_1, sprint2_second_timed_cluster_1,
          sprint2_sniper_area_1, sprint2_heavy_combat_area_1,
          sprint2_mutation_trap_area_1, sprint2_forest_area_1,
          sprint2_light_combat_area_1, sprint2_behind_water_1,
          sprint2_near_end_vault_1]

Notes
Turn   | Place    | Note
-------+----------+-------------------------------------------
     0 | D        | ABBCCCDDDD the Minotaur Berserker began the quest for the
                  | Orb.
     0 | D        | Reached XP level 1. HP: 19/19 MP: 0/0
     1 | D        | Noticed a necrophage
     1 | D        | Noticed a necrophage
     1 | D        | Noticed a necrophage
     1 | D        | Noticed a necrophage
     5 | D        | Killed a necrophage
     6 | D        | Reached skill level 5 in Armour
     6 | D        | Reached skill level 5 in Dodging
     6 | D        | Reached XP level 2. HP: 30/30 MP: 1/1
     6 | D        | Reached XP level 3. HP: 37/37 MP: 2/2
     6 | D        | Reached XP level 4. HP: 44/44 MP: 3/3
     7 | D        | Killed a necrophage
     8 | D        | Reached XP level 5. HP: 52/52 MP: 4/4
    11 | D        | Killed a necrophage
    11 | D        | Reached ** piety under Trog
    14 | D        | Killed a necrophage
    15 | D        | Reached XP level 6. HP: 62/62 MP: 5/5
    63 | D        | Killed a water moccasin
   109 | D        | Reached *** piety under Trog
   110 | D        | Reached XP level 7. HP: 66/71 MP: 6/6
   161 | D        | Noticed a neqoxec
   163 | D        | Gained mutation: Your magical capacity is low. (-10% MP) [a
                  | neqoxec]
   165 | D        | Killed a neqoxec
   166 | D        | Reached skill level 10 in Fighting
   166 | D        | Reached skill level 10 in Axes
   166 | D        | Reached skill level 10 in Armour
   211 | D        | Noticed a neqoxec
   211 | D        | Noticed a neqoxec
   211 | D        | Noticed a neqoxec
   216 | D        | Gained mutation: You are weak. (Str -2) [a neqoxec]
   217 | D        | Killed a neqoxec
   217 | D        | Reached **** piety under Trog
   220 | D        | Noticed an obsidian statue
   221 | D        | Killed a neqoxec
   225 | D        | Gained mutation: You are clumsy. (Dex -2) [a neqoxec]
   226 | D        | Killed a neqoxec
   227 | D        | Reached skill level 10 in Dodging
   227 | D        | Reached XP level 8. HP: 82/82 MP: 6/6
   275 | D        | Noticed a boulder beetle
   275 | D        | Noticed a boulder beetle
   283 | D        | Noticed Roxanne
   285 | D        | Noticed Menkaure
   295 | D        | Killed Menkaure
   295 | D        | Reached ***** piety under Trog
   383 | D        | Found Quirov's Weapon Boutique.
   383 | D        | Found Venoaske's Jewellery Shop.
   384 | D        | Found Inane's Book Shop.
   384 | D        | Found Nyse's Magic Scroll Boutique.
   384 | D        | Found Ydytrarphya's Antique Armour Shop.
   385 | D        | Found Dizuz's Antique Weapon Shop.
   385 | D        | Found Egooseib's Distillery.
   385 | D        | Found Xiunan's Distillery.
   385 | D        | Found Biemoz's Antique Weapon Shop.
   386 | D        | Found Jucedd's Distillery.
   386 | D        | Found Mithysub's Antique Weapon Shop.
   386 | D        | Noticed an ice dragon
   389 | D        | Found Duqeh's Jewellery Boutique.
   389 | D        | Found Yggawk's Book Shop.
   389 | D        | Noticed an oklob plant
   390 | D        | Found Wevaycaf's Antique Armour Boutique.
   390 | D        | Found Wameo's Book Shoppe.
   422 | D        | Bought a glowing hat for 203 gold pieces
   422 | D        | Bought a shiny chain mail for 217 gold pieces
   443 | D        | Bought a glowing cloak for 187 gold pieces
   457 | D        | Noticed a blink frog
   467 | D        | Killed a blink frog
   506 | D        | Noticed a centaur warrior
   506 | D        | Noticed Kirke
   506 | D        | Noticed a skeletal warrior
   507 | D        | Noticed a yaktaur captain
   527 | D        | Killed a centaur warrior
   528 | D        | Reached XP level 9. HP: 91/91 MP: 7/7
   537 | D        | Killed Kirke
   537 | D        | Received a gift from Trog
   553 | D        | HP: 1/94 [skeletal warrior (14)]
   559 | D        | HP: 2/94 [skeletal warrior (13)]
   561 | D        | Slain by a skeletal warrior

Table legend: (Time is in decaauts)
 A = Elapsed time spent in this place.
 B = Non-inter-level travel time spent in this place.
 C = Inter-level travel time spent in this place.
 D = Time resting spent in this place.
 E = Time spent auto-exploring this place.
 F = Levels seen in this place.
 G = Mean time per level.
                   A        B        C        D        E       F      G
               +--------+--------+--------+--------+--------+-----+--------+
         Total |    590 |    577 |     13 |    348 |      0 |   1 |  590.0 |
       Dungeon |    590 |    577 |     13 |    348 |      0 |   1 |  590.0 |
               +--------+--------+--------+--------+--------+-----+--------+

Top non-repeatable levels by time:
       D: 590 daAuts

Table legend:
 A = Kills in this place as a percentage of kills in entire the game.
 B = Kills by you in this place as a percentage of kills by you in the entire game.
 C = Kills by friends in this place as a percentage of kills by friends in the entire game.
 D = Other kills in this place as a percentage of other kills in the entire game.
 E = Experience gained in this place as a percentage of experience gained in the entire game.
 F = Experience gained in this place divided by the number of levels of this place that you have seen.
                   A       B       C       D       E      F
               +-------+-------+-------+-------+-------+----------------------
         Total | 100.0 | 100.0 |   N/A |   N/A | 100.0 | 5105.0
       Dungeon | 100.0 | 100.0 |   N/A |   N/A | 100.0 | 5105.0
               +-------+-------+-------+-------+-------+----------------------

Action                   |  1- 3 |  4- 6 |  7- 9 || total
-------------------------+-------+-------+-------++-------
Melee: Hand axe          |     3 |    16 |    64 ||    83
       Headbutt          |     2 |     4 |    11 ||    17
Invok: Berserk           |     1 |     1 |     4 ||     6
       Trog's Hand       |       |       |     3 ||     3
  Use: Potion            |       |       |     3 ||     3
Armor: Animal skin       |       |     1 |       ||     1
       Chain mail        |       |       |    12 ||    12
Dodge: Dodged            |       |     5 |    16 ||    21

Vanquished Creatures
  Kirke (D)
  A centaur warrior (D)
  A blink frog (D)
  4 neqoxecs (D)
  Menkaure (D)
  4 necrophages (D)
  4 scorpions (D)
16 creatures vanquished.

Vanquished Creatures (others)
  A water moccasin (D)
1 creature vanquished.

Grand Total: 17 creatures vanquished
